 Dungeon Crawl Stone Soup version 0.16.2-12-gd0ad4c3 (webtiles) character file.

72 faibistes the Magician (level 4, 0/24 HPs)
             Began as a Deep Elf Wizard on Mar 18, 2019.
             Slain by an adder (4 damage)
             ... on level 3 of the Dungeon.
             The game lasted 00:03:35 (1940 turns).

faibistes the Magician (Deep Elf Wizard)            Turns: 1940, Time: 00:03:36

Health: 0/24       AC:  2    Str:  4    XL:     4   Next: 6%
Magic:  7/17       EV: 13    Int: 24    God:
Gold:   62         SH:  0    Dex: 13    Spells: 6 memorised, 0 levels left

rFire  . . .     SeeInvis .     k - +0 dagger
rCold  . . .     Clarity  .     a - +0 robe
rNeg   . . .     SustAb   .     (no shield)
rPois  .         Gourm    .     b - +0 hat
rElec  .         Spirit   .     (no cloak)
rCorr  .         Warding  .     (no gloves)
rMut   .         Stasis   .     (no boots)
MR     .....                    (no amulet)
Stlth  ++........               (no ring)
                                h - ring of flight

@: very slightly contaminated, repel missiles, not resistant to hostile
enchantments, unstealthy
A: no striking features
a: Evoke Flight


You were on level 3 of the Dungeon.
You were not hungry.

You visited 1 branch of the dungeon, and saw 3 of its levels.

You collected 62 gold pieces.

Inventory:

Hand weapons
 e - a +0 club
 k - a +0 dagger (weapon)
Armour
 a - a +0 robe (worn)
 b - a +0 hat (worn)
Jewellery
 h - a ring of flight (left hand)
Scrolls
 f - a scroll of random uselessness {unknown}
 g - a scroll of magic mapping {unknown}
 i - 2 scrolls of enchant weapon {unknown}
 j - 2 scrolls of remove curse {unknown}
Potions
 l - a potion of curing {unknown}
Books
 c - a book of Minor Magic

   Spells                             Type                      Level
   a - Magic Dart                     Conjuration                  1
   b - Blink                          Translocation                2
   c - Call Imp                       Summoning                    2
   d - Repel Missiles                 Charms/Air                   2
   e - Slow                           Hexes                        2
   f - Conjure Flame                  Conjuration/Fire             3
   g - Mephitic Cloud                 Conjuration/Poison/Air       3
Comestibles
 d - a bread ration
 m - a chunk of flesh


   Skills:
 + Level 3.2 Dodging
 - Level 2.4 Stealth
 * Level 5.4 Spellcasting
 * Level 2.8 Conjurations
 - Level 1.1 Summonings
 - Level 1.1 Translocations


You couldn't memorise any spells.
You knew the following spells:

 Your Spells              Type           Power        Failure   Level  Hunger
a - Magic Dart            Conj           ###.         2%          1    None
b - Conjure Flame         Conj/Fire      ##......     17%         3    #......
c - Call Imp              Summ           ##......     12%         2    None
d - Blink                 Tloc           N/A          12%         2    None
e - Mephitic Cloud        Conj/Pois/Air  ##......     21%         3    #......
f - Repel Missiles        Chrm/Air       #.....       14%         2    None


Dungeon Overview and Level Annotations

Branches:
Dungeon (3/15)

Altars:

Annotations:
D:3 Sigmund


Message History

Casting: Mephitic Cloud
Confirm with . or Enter, or press ? or * to list all spells.
Aiming: Mephitic Cloud
Press: ? - help, Shift-Dir - straight line, p - adder You miscast Mephitic Cloud.
There is a short, sharp shower of sparks.
The adder bites you. The rat misses you.
Unknown command.
Casting: Mephitic Cloud
Confirm with . or Enter, or press ? or * to list all spells.
Aiming: Mephitic Cloud
Press: ? - help, Shift-Dir - straight line You miscast Mephitic Cloud.
You are under the weather.
You are standing in the rain.
The adder misses you. The rat barely misses you. Something hits you!
Ouch! That really hurt!
* * * LOW HITPOINT WARNING * * *
Unknown command.
You are standing in the rain.
The adder bites you.
You die...

..# ##(..#
.....##....##
............##
...#.##......##
.......§§§....#
......§§§§§...#
......§§§§§§§.#
..##.§§§§S§§§.#
###§§§@#####
#§#§§r§#
#.####§# .. §#
#.. # .. .


You could see an adder and a rat.

Vanquished Creatures
  An adder (D:3)
  A worm (D:2)
  A giant gecko (D:1)
  2 giant cockroaches (D:1)
  4 goblins (D:1)
  A hobgoblin (D:1)
  A kobold (D:1)
  3 bats (D:1)
  9 giant newts (D:1)
  5 rats
28 creatures vanquished.

Vanquished Creatures (collateral kills)
  A scorpion (D:2)
  A giant cockroach (D:2)
  A goblin (D:2)
3 creatures vanquished.

Grand Total: 31 creatures vanquished

Notes
Turn   | Place    | Note
--------------------------------------------------------------
     0 | D:1      | faibistes, the Deep Elf Wizard, began the quest for the Orb.
     0 | D:1      | Reached XP level 1. HP: 10/10 MP: 6/6
   449 | D:1      | Reached XP level 2. HP: 15/15 MP: 2/10
   517 | D:1      | Learned a level 2 spell: Blink
   520 | D:1      | Learned a level 2 spell: Call Imp
  1187 | D:3      | Reached skill level 5 in Spellcasting
  1187 | D:3      | Reached XP level 3. HP: 19/19 MP: 7/14
  1239 | D:3      | Learned a level 3 spell: Conjure Flame
  1243 | D:3      | Learned a level 3 spell: Mephitic Cloud
  1250 | D:3      | Noticed a scorpion
  1251 | D:3      | Noticed Sigmund
  1449 | D:2      | Killed a scorpion
  1765 | D:2      | Reached XP level 4. HP: 24/24 MP: 6/17
  1775 | D:2      | Learned a level 2 spell: Repel Missiles
  1940 | D:3      | Slain by an adder

Action                   |  1- 3 |  4- 6 || total
-------------------------+-------+-------++-------
 Cast: Magic Dart        |    60 |     1 ||    61
       Blink             |     5 |       ||     5
       Mephitic Cloud    |     3 |       ||     3
       Call Imp          |     1 |       ||     1
       Repel Missiles    |       |     1 ||     1
  Eat: Chunk             |     2 |     1 ||     3
